 Dungeon Crawl Stone Soup version 0.18.1-8-gdd0e5ea (webtiles) character file.

356 cruasano the Skirmisher (level 6, -13/49 HPs)
             Began as a Demonspawn Abyssal Knight on May 29, 2016.
             Was a Priest of Lugonu.
             Mangled by an ogre
             ... wielding a +0 giant spiked club
              (16 damage)
             ... on level 4 of the Dungeon.
             The game lasted 00:17:51 (3783 turns).

cruasano the Skirmisher (Demonspawn Abyssal Knight) Turns: 3783, Time: 00:17:52

Health: -13/49     AC: 15    Str: 13    XL:     6   Next: 36%
Magic:  8/9        EV:  3    Int: 13    God:    Lugonu [***...]
Gold:   114        SH:  0    Dex: 14    Spells: 0 memorised, 5 levels left

rFire  + . .     SeeInvis .     a - +1 falchion
rCold  . . .     Gourm    .     h - +0 plate armour
rNeg   . . .     Faith    .     (no shield)
rPois  .         Spirit   .     (helmet restricted)
rElec  .         Dismiss  .     (no cloak)
rCorr  .         Reflect  .     (no gloves)
SustAt .         Harm     .     (no boots)
MR     .....                    (no amulet)
Stlth  ..........               (no ring)
                                (no ring)

@: very slightly contaminated, hasted, very quick, not resistant to hostile
enchantments, extremely unstealthy
A: antennae 1, molten scales 3, demonic guardian 1
a: Depart the Abyss, Bend Space, Banish, Renounce Religion


You were on level 4 of the Dungeon.
You worshipped Lugonu.
Lugonu was most pleased with you.
You were not hungry.

You visited 1 branch of the dungeon, and saw 4 of its levels.
You visited the Abyss 1 time.

You collected 114 gold pieces.

Inventory:

Hand Weapons
 a - a +1 falchion (weapon)
 c - a cursed -1 spear
 e - a +1 morningstar of protection
 g - a +1 flail of protection
Armour
 b - a +0 leather armour
 d - a +0 scale mail
 h - a +0 plate armour (worn)
Wands
 n - a wand of slowing (11/48)
Scrolls
 i - a scroll of remove curse
Potions
 o - a potion of degeneration {unknown}
Comestibles
 f - a beef jerky
 j - a bread ration
 k - 2 fruits


   Skills:
 + Level 4.6 Fighting
 + Level 2.9 Long Blades
 + Level 3.2 Armour
 + Level 2.0 Dodging
 + Level 0.4 Stealth
 + Level 4.5 Invocations


You had 5 spell levels left.
You didn't know any spells.

Dungeon Overview and Level Annotations

Branches:
Dungeon (4/15)
 Temple: D:4-7

Altars:


Innate Abilities, Weirdness & Mutations

You have a pair of small antennae on your head.
You are completely covered in molten scales (AC +4, EV -1, rF+).
A weak demonic guardian rushes to your aid.


Message History

The ogre is lightly wounded.
Your iron imp closely misses the ogre.
The ogre hits you with a giant spiked club!!
* * * LOW HITPOINT WARNING * * *
Your crimson imp hits the ogre.
Your iron imp hits the ogre!
The ogre hits you with a giant spiked club.
* * * LOW HITPOINT WARNING * * *
Your crimson imp closely misses the ogre.
Space bends around you!
You blink.
* * * LOW HITPOINT WARNING * * *
You feel slightly more hungry.
Your iron imp disappears in a puff of smoke!
Your crimson imp closely misses the ogre.
Found a wooden ring.
It was a potion of haste.
You feel yourself speed up.
Your crimson imp disappears in a puff of smoke!
You are very lightly contaminated with residual magic.
The ogre hits you with a giant spiked club!
You die...

...####.........####...##
##.......## ##..#
##.....## #..... ##...##
#.#.## ##'## #.#.# #.#
#.#.. #.# #.#...
#####.### #.@.....#
#O#.....# #..........
#..##........
.....##..##.## ###....
..# .# #..=...... #
#.......## ########


You could see an ogre.

Vanquished Creatures
  2 orc wizards (D:3)
  Natasha (twice) (D:3)
  4 gnolls (D:4)
  3 adders
  6 oozes (D:1)
  A worm (D:1)
  A dart slug (D:1)
  A giant gecko (D:4)
  13 orcs (D:3)
  4 bats
  8 giant cockroaches
  8 hobgoblins
  6 jackals
  4 kobolds
  A quokka (D:3)
  2 ball pythons
  A giant newt (D:3)
  7 goblins
  8 rats
82 creatures vanquished.

Vanquished Creatures (collateral kills)
  Natasha (D:3)
  An orc (D:3)
2 creatures vanquished.

Vanquished Creatures (others)
  A water moccasin skeleton (D:4)
  An orc wizard (D:3)
  A jackal (D:4)
3 creatures vanquished.

Grand Total: 87 creatures vanquished

Notes
Turn   | Place    | Note
--------------------------------------------------------------
     0 | Abyss:1  | cruasano the Demonspawn Abyssal Knight began the quest for the Orb.
     0 | Abyss:1  | Reached XP level 1. HP: 18/18 MP: 2/2
    37 | D:1      | Escaped the Abyss
    46 | D:1      | Found a runed door.
   142 | D:1      | Reached skill level 1 in Dodging
   146 | D:1      | Gained mutation: You are partially covered in molten scales (AC +1). [demonic ancestry]
   146 | D:1      | Reached XP level 2. HP: 18/24 MP: 3/3
   164 | D:1      | Gained mutation: You are mostly covered in molten scales (AC +3, EV -1). [demonic ancestry]
   164 | D:1      | Reached XP level 3. HP: 9/30 MP: 5/5
   180 | D:1      | HP: 1/30 [ooze (1)]
   690 | D:1      | Reached ** piety under Lugonu
  1237 | D:2      | Gained mutation: A weak demonic guardian rushes to your aid. [demonic ancestry]
  1237 | D:2      | Reached XP level 4. HP: 31/37 MP: 6/6
  2395 | D:3      | Noticed Natasha
  2409 | D:3      | Killed Natasha
  2409 | D:3      | Gained mutation: You are completely covered in molten scales (AC +4, EV -1, rF+). [demonic ancestry]
  2409 | D:3      | Reached XP level 5. HP: 41/42 MP: 7/7
  2764 | D:3      | Found a faded altar to an unknown god.
  3023 | D:3      | Noticed Natasha
  3032 | D:3      | Killed Natasha
  3032 | D:3      | Reached *** piety under Lugonu
  3307 | D:3      | Noticed Natasha
  3317 | D:3      | Killed Natasha
  3453 | D:3      | Gained mutation: You have a pair of small antennae on your head. [demonic ancestry]
  3453 | D:3      | Reached XP level 6. HP: 43/49 MP: 9/9
  3779 | D:4      | HP: 2/49 [spatial distortion (4)]
  3783 | D:4      | Mangled by an ogre

Skill      XL: |  1  2  3  4  5  6 |
---------------+-------------------+-----
Dodging        | 1 2 |  2.0
Armour         | 2 3 |  3.2
Long Blades    | 2 |  2.9
Fighting       | 4 |  4.6
Invocations    | 3 4 |  4.5
Stealth        | |  0.4

Action                   |  1- 3 |  4- 6 || total
-------------------------+-------+-------++-------
Melee: Falchion          |   131 |   267 ||   398
Invok: Bend Space        |       |    26 ||    26
       Banish            |       |     4 ||     4
  Use: Scroll            |       |     8 ||     8
       Potion            |       |     5 ||     5
  Eat: Bread ration      |     1 |       ||     1
       Meat ration       |       |     2 ||     2
Armor: Leather armour    |    23 |       ||    23
       Scale mail        |    98 |     7 ||   105
       Plate armour      |       |   265 ||   265
       Skin              |       |    18 ||    18
Dodge: Dodged            |   117 |    69 ||   186
